 Dungeon Crawl Stone Soup version 0.31-a0-217-g58bb5d79cf (webtiles) character file.

Game seed: 8249695882475014220

79 qw the Shooter (level 4, -1/26 HPs)
             Began as a Gargoyle Hexslinger on July 2, 2023.
             Slain by an orc
             ... wielding a +0 hand axe
              (4 damage)
             ... on level 4 of the Dungeon.
             The game lasted 00:00:51 (2092 turns).

qw the Shooter (Gargoyle Hexslinger)                Turns: 2092, Time: 00:00:51

Health: -1/26      AC:  8    Str: 12    XL:     4   Next: 37%
Magic:  5/5        EV: 10    Int: 13    God:
Gold:   150        SH:  0    Dex: 14    Spells: 4/5 levels left

rFire   . . .        Y - +2 sling
rCold   . . .        (no shield)
rNeg    + . .        f - +0 ring mail
rPois   inf          (no helmet)
rElec   +            (no cloak)
rCorr   .            (no gloves)
SInv    .            (no boots)
Will    .....        (no amulet)
Stlth   +            (no ring)
HPRegen 0.24/turn    (no ring)
MPRegen 0.09/turn

%: no passive effects
@: no status effects
A: sickness immunity, AC +3, negative energy resistance 1, electricity
resistance, torment resistance 1, petrification resistance
a: no special abilities


You were on level 4 of the Dungeon.
You visited 1 branch of the dungeon, and saw 4 of its levels.

You collected 150 gold pieces.


Innate Abilities, Weirdness & Mutations

You are immune to sickness and miasma.
Your stone body is resilient. (AC +3)
You are immune to poison.
You resist negative energy. (rN+)
You are resistant to electric shocks. (rElec)
You are resistant to unholy torment.
You are immune to petrification.


   Skills:
 - Level 2.0 Fighting
 + Level 4.0 Ranged Weapons
 - Level 1.0 Armour
 - Level 1.5 Dodging
 - Level 1.0 Spellcasting
 - Level 2.6 Hexes


You had 4 spell levels left.
You knew the following spells:

 Your Spells              Type           Power      Damage    Failure   Level
a - Slow                  Hex            28%        N/A       22%         1

Your spell library contained the following spells:

 Spells                   Type           Power      Damage    Failure   Level
 Inner Flame              Hex/Fire       4%         N/A       73%         3
 Portal Projectile        Hex/Tloc       8%         N/A       73%         3
 Cause Fear               Hex            3%         N/A       91%         4

Inventory:

Hand Weapons
 Y - a +2 sling (weapon)
Armour
 f - a +0 ring mail (worn)
Jewellery
 c - a ring of ice
Potions
 b - a potion of enlightenment {unknown}
 d - a potion of brilliance {unknown}
 e - a potion of heal wounds
 g - a potion of curing {unknown}
 l - a potion of degeneration {unknown}

Dungeon Overview and Level Annotations

Branches:
Dungeon (4/15)
 Temple: D:4-7

Altars:
Dithmenos
Kikubaaqudgha

Shops:
D:2 (


Message History

An orc priest comes into view. It is wielding a +0 club.
You shoot a sling bullet. The sling bullet hits the orc.
The orc is moderately wounded.
The orc hits you with a +0 hand axe. The ogre barely misses you.
You shoot a sling bullet.
The sling bullet closely misses the ogre.
The orc priest calls down the wrath of Beogh upon you.
Beogh smites you!
Ouch! That really hurt!
The ogre barely misses you.
2086 ||| DRINKING 3 potions of heal wounds.
You feel much better. The orc hits you but does no damage.
You shoot a sling bullet. The sling bullet hits the ogre.
The ogre is heavily wounded.
The orc priest calls down the wrath of Beogh upon you.
Beogh smites you!
Ouch! That really hurt!
The ogre barely misses you.
You shoot a sling bullet.
The sling bullet hits the ogre but does no damage.
The ogre is heavily wounded.
The orc priest calls upon Beogh to heal the orc.
The orc's wounds heal themselves!
The orc hits you but does no damage. The ogre hits you with a +0 giant club!
2089 ||| DRINKING 2 potions of heal wounds.
You feel much better. The orc barely misses you. The ogre closely misses you.
You shoot a sling bullet. The sling bullet hits the ogre.
The ogre is heavily wounded.
The orc barely misses you. The ogre hits you but does no damage.
You shoot a sling bullet. The sling bullet hits the ogre.
The ogre is severely wounded.
The orc hits you but does no damage.
You shoot a sling bullet. The sling bullet hits the ogre.
The ogre is severely wounded.
The ogre hits you with a +0 giant club!!
Ouch! That really hurt!
The orc closely misses you. The orc hits you with a +0 hand axe.
You die...

.. ##.# ....##### ##.# ..
........#.##.####..
....>...#. #.#..... .......o.
......# .....ooO####.#...#
#.####@#.........
#...........#.#.#
............).#.#.#
.#..##.##.##.#.#.#
#.........#.##.##.#.#.#
#.....#...#.##.##.#.#.#
#.....#...#.##.##.#.#.#####.#
#.....#...#.##.##............
#.....#...#.##.######.#######


You could see an ogre, an orc priest and 2 orcs.

Vanquished Creatures
  An adder (D:3)
  A worm (D:3)
  2 dart slugs
  An orc (D:3)
  6 ball pythons
  6 bats
  6 endoplasms
  2 giant cockroaches (D:1)
  5 goblins
  7 hobgoblins
  3 jackals (D:2)
  3 quokkas
  2 frilled lizards
  5 kobolds
  4 rats
54 creatures vanquished.

Notes
Turn   | Place    | Note
-------+----------+-------------------------------------------
     0 | D:1      | qw the Gargoyle Hexslinger began the quest for the Orb.
     0 | D:1      | Reached XP level 1. HP: 12/12 MP: 2/2
     0 | D:1      | 0 ||| qw: Version: 0.3-a-40-ge99b1a8
     0 | D:1      | 0 ||| qw: Game counter: 7995
     0 | D:1      | 0 ||| qw: Melee chars always use a shield: true
     0 | D:1      | 0 ||| qw: God list: Okawaru
     0 | D:1      | 0 ||| qw: Allow faded altars: false
     0 | D:1      | 0 ||| qw: Do Orc after clearing Dungeon:15 true
     0 | D:1      | 0 ||| qw: Do second Lair branch before Depths: true
     0 | D:1      | 0 ||| qw: Lair rune preference: random
     0 | D:1      | 0 ||| qw: Goals: Normal
     0 | D:1      | 0 ||| PLANNING D:1-11
    13 | D:1      | 13 ||| FLEEEEING.
    14 | D:1      | 14 ||| FLEEEEING.
   135 | D:1      | Reached XP level 2. HP: 16/16 MP: 3/3
   274 | D:1      | Reached skill level 3 in Ranged Weapons
   516 | D:1      | You fall into a shaft and drop 1 floor!
   516 | D:2      | Found Hyrr's Antique Weapon Emporium.
   517 | D:2      | 517 ||| UPGRADING to +0 leather armour.
   527 | D:2      | 527 ||| DROPPING +0 robe.
   528 | D:2      | 528 ||| UPGRADING to +0 ring mail.
   543 | D:2      | 543 ||| DROPPING +0 leather armour.
   544 | D:2      | 544 ||| DRINKING 3 ruby potions.
   545 | D:2      | 545 ||| DROPPING scroll of poison.
  1000 | D:2      | Reached XP level 3. HP: 21/21 MP: 4/4
  1109 | D:2      | 1109 ||| SHOPLISTING orcbow (94 gold, have 74).
  1587 | D:3      | Reached XP level 4. HP: 26/26 MP: 5/5
  1651 | D:3      | Found an ancient bone altar of Kikubaaqudgha.
  1652 | D:3      | Found a shadowy altar of Dithmenos.
  1687 | D:3      | Reached skill level 4 in Ranged Weapons
  1938 | D:3      | Reached skill level 1 in Armour
  2000 | D:3      | 2000 ||| READING scroll labelled EZIMUIX NUUDGH.
  2001 | D:3      | 2001 ||| READING scroll labelled KATTOO ARRIH.
  2002 | D:3      | 2002 ||| READING scroll labelled WUTI JINECRIBO.
  2003 | D:3      | 2003 ||| READING scroll labelled VUSSAC POUGH.
  2079 | D:4      | Noticed an ogre
  2085 | D:4      | HP: 6/26 [orc priest/divine providence (16)]
  2086 | D:4      | 2086 ||| DRINKING 3 potions of heal wounds.
  2088 | D:4      | HP: 2/26 [ogre/+0 giant club (11)]
  2089 | D:4      | 2089 ||| DRINKING 2 potions of heal wounds.
  2092 | D:4      | Slain by an orc

Levels and vault maps discovered:
D:1:      amcnicky_arrival_choice, layout_basic
D:2:      layout_rooms, serial_shops, shop
D:3:      wad_pebble_path, layout_rooms, grunt_temple_overflow_open
D:4:      layout_basic, general_overflow_altar

Skill      XL: |  1  2  3  4 |
---------------+-------------+-----
Ranged Weapons | 3 4 |  4.0
Fighting       | 2 |  2.0
Armour         | 1 |  1.0
Dodging        | |  1.5
Spellcasting   | |  1.0
Hexes          | |  2.6

Action                     |  1- 3 |  4- 6 || total
---------------------------+-------+-------++-------
   Fire: Sling             |   138 |    71 ||   209
    Use: Potion            |     1 |     2 ||     3
         Scroll            |       |     4 ||     4
 Armour: Robe              |     3 |       ||     3
         Ring mail         |    25 |    30 ||    55
  Dodge: Dodged            |    42 |    26 ||    68

Table legend:
 A = Non-vault XP
 B = Vault XP
 C = Vault XP percentage of total XP
 D = Non-vault monster count
 E = Vault monster count
 F = Vault count percentage of total count
                 A         B        C        D         E       F
            +---------+---------+-------+---------+---------+-------
      Total |     113 |       0 |   0.0 |      54 |       0 |   0.0
            +---------+---------+-------+---------+---------+-------
        D:1 |      27 |       0 |   0.0 |      15 |       0 |   0.0
        D:2 |      27 |       0 |   0.0 |      14 |       0 |   0.0
        D:3 |      57 |       0 |   0.0 |      24 |       0 |   0.0
        D:4 |       2 |       0 |   0.0 |       1 |       0 |   0.0
            +---------+---------+-------+---------+---------+-------
